 Dungeon Crawl Stone Soup version 0.29-a0-994-gc5c9f59d18 (webtiles) character file.

Game seed: 1226182802156905646

2933 sanka the Martial Artist (level 9, -1/93 (102) HPs)
             Began as a Gnoll Transmuter on Aug 3, 2022.
             Was an Initiate of Ashenzari.
             Slain by a wight
             ... wielding a +2 halberd of freezing
              (5 damage)
             ... on level 7 of the Dungeon.
             The game lasted 00:12:32 (8041 turns).

sanka the Martial Artist (Gnoll Transmuter)         Turns: 8041, Time: 00:12:32

HP:   -1/93 (102)   AC: 24    Str:  8 (10) XL:     9   Next: 80%
MP:   17/19         EV:  2    Int: 13 (14) God:    Ashenzari [......]
Gold: 102           SH:  0    Dex: 16 (17) Spells: 14/22 levels left

rFire   + . .      SeeInvis .     - Unarmed
rCold   + + .      Faith    .   (no shield)
rNeg    . . .      Spirit   .   (body armour currently unavailable)
rPois   +          Reflect  .   (helmet currently unavailable)
rElec   +          Harm     .   (cloak currently unavailable)
rCorr   +          Rampage  .   (gloves currently unavailable)
Will    .....      NoTele   +   (boots currently unavailable)
Stlth   +++.......              (no amulet)
HPRegen 0.25/turn               B - ring "Ireacs" {Fly Dex+2}
MPRegen 0.16/turn               x - ring of protection from cold

@: tree-form, resistant, attractive, mesmerised, drained
A: stationary, stasis, torment immunity, boosted hp, (fangs 1), strong nose,
distributed training
a: Renounce Religion


You were on level 7 of the Dungeon.
You worshipped Ashenzari.
Ashenzari was noncommittal.
You were a tree.
You visited 2 branches of the dungeon, and saw 8 of its levels.

You collected 257 gold pieces.
You spent 155 gold pieces at shops.


Innate Abilities, Weirdness & Mutations

You are a tree.
Your roots penetrate the ground, keeping you stationary.
You cannot be teleported.
You are immune to unholy pain and torment.
Your maximum health is greatly increased.
Your equipment is partially melded.
((You have very sharp teeth.))
Your uncanny sense of smell can sniff out nearby items.
Your experience applies equally to all skills.


   Skills:
 + Level 5.5 Fighting
 + Level 4.7 Short Blades
 + Level 4.7 Long Blades
 + Level 4.7 Axes
 + Level 4.7 Maces & Flails
 + Level 4.7 Polearms
 + Level 4.7 Staves
 + Level 4.7 Ranged Weapons
 + Level 4.7 Throwing
 + Level 4.7 Armour
 + Level 6.7 Dodging
 + Level 4.7 Stealth
 + Level 4.7 Shields
 + Level 8.2 Unarmed Combat
 + Level 7.0 Spellcasting
 + Level 3.9 Conjurations
 + Level 3.9 Hexes
 + Level 3.9 Summonings
 + Level 3.9 Necromancy
 + Level 3.9 Translocations
 + Level 5.5 Transmutations
 + Level 3.9 Fire Magic
 + Level 3.9 Ice Magic
 + Level 3.9 Air Magic
 + Level 3.9 Earth Magic
 + Level 3.9 Poison Magic
 + Level 5.2 Invocations
 + Level 4.7 Evocations


You had 14 spell levels left.
You knew the following spells:

 Your Spells              Type           Power      Damage    Failure   Level
x - Spider Form           Tmut/Pois      16%        N/A       6%          3
y - Wereblood             Tmut           19%        N/A       2%          2
z - Beastly Appendage     Tmut           38%        N/A       1%          1
N - Passwall              Tmut/Erth      13%        N/A       3%          2

Your spell library contained the following spells:

 Spells                   Type           Power      Damage    Failure   Level
 Apportation              Tloc           28%        N/A       3%          1
 Freeze                   Ice            56%        1d7       3%          1
 Necrotise                Necr           56%        1d6       3%          1
 Sandblast                Erth           28%        2d8       3%          1
 Call Canine Familiar     Summ           14%        N/A       9%          3
 Frozen Ramparts          Ice            28%        1d10      9%          3
 Ozocubu's Armour         Ice            14%        N/A       9%          3
 Portal Projectile        Hex/Tloc       28%        N/A       9%          3
 Stone Arrow              Conj/Erth      28%        3d8       9%          3
 Tukima's Dance           Hex            14%        N/A       9%          3
 Vampiric Draining        Necr           14%        2d7       9%          3
 Ice Form                 Ice/Tmut       16%        N/A       22%         4
 Anguish                  Hex/Necr       7%         N/A       30%         4
 Corpse Rot               Necr/Pois/Air  14%        N/A       30%         4
 Dispel Undead            Necr           14%        3d10      30%         4
 Hailstorm                Conj/Ice       14%        3d5       30%         4
 Leda's Liquefaction      Hex/Erth       7%         N/A       30%         4
 Olgreb's Toxic Radiance  Pois           14%        N/A       30%         4
 Blade Hands              Tmut           9%         N/A       41%         5
 Alistair's Intoxication  Tmut/Pois      10%        N/A       52%         5
 Agony                    Necr           14%        N/A       63%         5
 Metabolic Englaciation   Hex/Ice        7%         N/A       63%         5
 Death Channel            Necr           7%         N/A       99%         6
 Simulacrum               Ice/Necr       7%         N/A       99%         6
 Dragon Form              Tmut           9%         N/A       100%        7
 Enfeeble                 Hex            7%         N/A       100%        7

Inventory:

Hand Weapons
 b - a +0 dagger
 m - a +3 quarterstaff of chaos
Missiles
 z - 2 throwing nets {=f}
Armour
 d - a +2 helmet (melded)
 j - a +0 cloak (melded)
 p - a +0 pair of gloves (melded)
 q - +0 steam dragon scales (melded)
Jewellery
 t - a ring of fire
 x - a ring of protection from cold (right branch)
 B - the ring "Ireacs" (left branch) {Fly Dex+2}

   [ring of flight]

   Dex:       It affects your dexterity (+2).
   Fly:       It grants you flight.
Wands
 D - a wand of flame (4)
Scrolls
 a - 2 scrolls of magic mapping {unknown}
 c - 4 scrolls of immolation {unknown}
 e - 3 scrolls of identify {unknown}
 f - a scroll of noise {unknown}
 g - a scroll of enchant weapon {unknown}
 h - 3 scrolls of teleportation {unknown}
 i - a scroll of fear {unknown}
 l - 2 scrolls of poison {unknown}
 s - a scroll of blinking {unknown}
 y - a scroll of butterflies {unknown}
 A - a scroll of acquirement {unknown}
Potions
 k - 3 potions of heal wounds {@q2}
 n - a potion of resistance
 r - a potion of magic {unknown}
 u - a potion of brilliance {unknown}
 v - a potion of curing {@q1}
 C - a potion of lignification {!q}

Dungeon Overview and Level Annotations

Branches:
Dungeon (7/15)             Temple (1/1) D:7

Altars:
Ashenzari
Cheibriados
Dithmenos
Elyvilon
Fedhas
Kikubaaqudgha
Makhleb
Okawaru
Qazlal
Ru
Sif Muna
Vehumet
Wu Jian
Xom
Yredelemnul
Zin
The Shining One

Shops:
D:1 *   D:5 [

Annotations:
D:7 Maggie

.▒.>.'.....▒ ▒▒)▒.........
▒▒⌠.⌠▒▒▒▒▒†▒▒ ▒▒..).........
▒▒▒▒▒▒▒ ▒..▒▒▒▒▒..............
▒▒▒.▒▒▒ ▒▒.....................
▒.▒ ▒..▒▒▒▒..▒.............. ▒.▒
▒▒..▒ ▒..▒▒............. ▒▒.▒
▒..▒▒ ▒..▒▒▒............ ▒▒..▒
▒▒.▒▒ ▒..▒ ▒............ ....▒▒
▒..▒ ▒♣▒▒ ▒............
.....▒▒▒.▒▒ ▒@▒▒ ▒▒...........
.........▒ ▒▒z.▒▒ ▒...........
▒........▒ ▒....▒▒▒...........
▒........▒▒ ▒..▒................
..........▒▒...▒▒▒▒..............
).....[........ .................
[.......▒▒..............z........
.)...........▒▒▒▒▒▒..............


You could see Maggie (mesmerising) and a wight.


Message History

* * * LOW HITPOINT WARNING * * *
You feel drained.
Maggie gestures wildly while chanting.
Maggie attempts to bespell you!
You easily resist.
You smack Maggie!
Maggie is moderately wounded.
The wight hits you from afar with a +2 halberd of freezing.
* * * LOW HITPOINT WARNING * * *
Maggie casts a spell.
Maggie attempts to bespell you!
You are mesmerised by Maggie!
Unknown command.
You smack Maggie!
Maggie is heavily wounded.
Unknown command.
You barely miss Maggie. Your punch misses Maggie.
Maggie is heavily wounded.
The wight hits you but does no damage.
Maggie hits you with a +2 halberd of flaming.
* * * LOW HITPOINT WARNING * * *
Maggie burns you.
* * * LOW HITPOINT WARNING * * *
You hit Maggie.
Maggie is heavily wounded.
Maggie hits you with a +2 halberd of flaming.
* * * LOW HITPOINT WARNING * * *
The wight hits you from afar with a +2 halberd of freezing.
You die...

Action                   |  1- 3 |  4- 6 |  7- 9 || total
-------------------------+-------+-------+-------++-------
Melee: Unarmed           |    88 |    71 |   307 ||   466
       Headbutt          |     8 |     5 |     7 ||    20
       Kick              |     6 |     2 |    11 ||    19
       Bite              |     7 |       |    13 ||    20
       Punch             |     3 |       |     7 ||    10
       Dagger            |       |       |    18 ||    18
 Cast: Beastly Appendage |    14 |     8 |     5 ||    27
       Spider Form       |       |     7 |    37 ||    44
       Wereblood         |       |       |     7 ||     7
Evoke: Wand              |       |       |     2 ||     2
  Use: Potion            |       |       |     9 ||     9
 Stab: Sleeping          |     3 |       |     5 ||     8
Armor: Robe              |    16 |     3 |     4 ||    23
       Skin              |       |     1 |    32 ||    33
       Steam dragon scal |       |       |    18 ||    18
Dodge: Dodged            |    54 |    50 |   311 ||   415

Levels and vault maps discovered:
D:1:      dpeg_arrival_connections, layout_basic, basic_ecumenical_altar,
          serial_shops, nicolae_shop_overgrown_old_shop
D:2:      layout_loops_corners
D:3:      layout_loops_ring
D:4:      layout_gridville, roderic_roman_lattice
D:5:      layout_rooms, mainiacjoe_overflow_alcove_4, serial_shops,
          nicolae_shop_advertising_works [nicolae_subvault_shop_adworks],
          uniq_prince_ribbit1
D:6:      layout_basic, ebering_ghost_disaster_area, dreamdust_gnoll_farm,
          uniq_crazy_yiuf_cottage
D:7:      minmay_spotlight, layout_layer_cave, temple_doors_e, serial_shops,
          shop_fountains, uniq_maggie, uniq_menkaure
Temple:   nicolae_temple_superstar

Notes
Turn   | Place    | Note
-------+----------+-------------------------------------------
     0 | D:1      | sanka the Gnoll Transmuter began the quest for the Orb.
     0 | D:1      | Reached XP level 1. HP: 17/17 MP: 6/6
     5 | D:1      | Found Iroixtoad's Assorted Antiques.
    80 | D:1      | Reached XP level 2. HP: 23/23 MP: 7/7
    83 | D:1      | Learned a level 2 spell: Wereblood
   264 | D:1      | Found a faded altar of an unknown god.
   355 | D:1      | Reached skill level 5 in Spellcasting
   355 | D:1      | Reached XP level 3. HP: 28/28 MP: 7/9
   643 | D:1      | Learned a level 3 spell: Spider Form
   852 | D:2      | Reached skill level 1 in Invocations
  1160 | D:2      | Reached skill level 1 in Short Blades
  1160 | D:2      | Reached skill level 1 in Long Blades
  1160 | D:2      | Reached skill level 1 in Axes
  1160 | D:2      | Reached skill level 1 in Maces & Flails
  1160 | D:2      | Reached skill level 1 in Polearms
  1160 | D:2      | Reached skill level 1 in Staves
  1160 | D:2      | Reached skill level 1 in Ranged Weapons
  1160 | D:2      | Reached skill level 1 in Throwing
  1160 | D:2      | Reached skill level 1 in Armour
  1160 | D:2      | Reached skill level 1 in Stealth
  1160 | D:2      | Reached skill level 1 in Shields
  1160 | D:2      | Reached skill level 1 in Evocations
  1412 | D:2      | Reached XP level 4. HP: 10/34 MP: 9/11
  1892 | D:6      | Found a runed translucent door.
  1893 | D:6      | Noticed Crazy Yiuf
  1902 | D:6      | Killed Crazy Yiuf
  1903 | D:6      | Reached skill level 1 in Conjurations
  1903 | D:6      | Reached skill level 1 in Hexes
  1903 | D:6      | Reached skill level 1 in Summonings
  1903 | D:6      | Reached skill level 1 in Necromancy
  1903 | D:6      | Reached skill level 1 in Translocations
  1903 | D:6      | Reached skill level 1 in Fire Magic
  1903 | D:6      | Reached skill level 1 in Ice Magic
  1903 | D:6      | Reached skill level 1 in Air Magic
  1903 | D:6      | Reached skill level 1 in Earth Magic
  1903 | D:6      | Reached skill level 1 in Poison Magic
  1928 | D:6      | Identified the +4 hammer of the Witching Gods {venom, rPois
                  | MP-9 Str+4}
  2039 | D:6      | Reached skill level 3 in Fighting
  2039 | D:6      | Reached skill level 4 in Transmutations
  2039 | D:6      | Reached XP level 5. HP: 39/41 MP: 12/12
  2083 | D:6      | Noticed an ice beast
  2091 | D:6      | Killed an ice beast
  2092 | D:6      | Reached skill level 2 in Invocations
  2092 | D:6      | Reached XP level 6. HP: 23/47 MP: 5/13
  2252 | D:6      | Reached skill level 5 in Dodging
  2414 | D:6      | Found a large runed translucent door.
  2414 | D:6      | Found a large runed translucent door.
  2425 | D:6      | Reached skill level 2 in Short Blades
  2425 | D:6      | Reached skill level 2 in Long Blades
  2425 | D:6      | Reached skill level 2 in Axes
  2425 | D:6      | Reached skill level 2 in Maces & Flails
  2425 | D:6      | Reached skill level 2 in Polearms
  2425 | D:6      | Reached skill level 2 in Staves
  2425 | D:6      | Reached skill level 2 in Ranged Weapons
  2425 | D:6      | Reached skill level 2 in Throwing
  2425 | D:6      | Reached skill level 2 in Armour
  2425 | D:6      | Reached skill level 2 in Stealth
  2425 | D:6      | Reached skill level 2 in Shields
  2425 | D:6      | Reached skill level 2 in Evocations
  2487 | D:6      | Noticed an ice beast
  2503 | D:6      | Killed an ice beast
  2650 | D:6      | Reached skill level 7 in Unarmed Combat
  2650 | D:6      | Reached XP level 7. HP: 28/52 MP: 13/15
  2659 | D:6      | Reached skill level 2 in Conjurations
  2659 | D:6      | Reached skill level 2 in Hexes
  2659 | D:6      | Reached skill level 2 in Summonings
  2659 | D:6      | Reached skill level 2 in Necromancy
  2659 | D:6      | Reached skill level 2 in Translocations
  2659 | D:6      | Reached skill level 2 in Fire Magic
  2659 | D:6      | Reached skill level 2 in Ice Magic
  2659 | D:6      | Reached skill level 2 in Air Magic
  2659 | D:6      | Reached skill level 2 in Earth Magic
  2659 | D:6      | Reached skill level 2 in Poison Magic
  3218 | D:6      | Reached skill level 3 in Invocations
  3363 | D:6      | Noticed stazo's ghost (weakling DsFi)
  3849 | D:6      | Noticed a steam dragon
  3864 | D:6      | HP: 5/53 [steam dragon (2)]
  3865 | D:6      | Killed a steam dragon
  3865 | D:6      | Identified +0 steam dragon scales
  3866 | D:6      | Reached skill level 4 in Fighting
  3866 | D:6      | Reached skill level 3 in Short Blades
  3866 | D:6      | Reached skill level 3 in Long Blades
  3866 | D:6      | Reached skill level 3 in Axes
  3866 | D:6      | Reached skill level 3 in Maces & Flails
  3866 | D:6      | Reached skill level 3 in Polearms
  3866 | D:6      | Reached skill level 3 in Staves
  3866 | D:6      | Reached skill level 3 in Ranged Weapons
  3866 | D:6      | Reached skill level 3 in Throwing
  3866 | D:6      | Reached skill level 3 in Armour
  3866 | D:6      | Reached skill level 3 in Stealth
  3866 | D:6      | Reached skill level 3 in Shields
  3866 | D:6      | Reached skill level 3 in Evocations
  3866 | D:6      | Reached XP level 8. HP: 6/60 MP: 14/16
  4291 | D:6      | Learned a level 2 spell: Passwall
  4402 | D:5      | Entered Level 5 of the Dungeon
  4431 | D:5      | Reached skill level 6 in Spellcasting
  4591 | D:5      | Noticed Prince Ribbit
  4613 | D:5      | Killed Prince Ribbit
  4614 | D:5      | Reached skill level 3 in Conjurations
  4614 | D:5      | Reached skill level 3 in Hexes
  4614 | D:5      | Reached skill level 3 in Summonings
  4614 | D:5      | Reached skill level 3 in Necromancy
  4614 | D:5      | Reached skill level 3 in Translocations
  4614 | D:5      | Reached skill level 3 in Fire Magic
  4614 | D:5      | Reached skill level 3 in Ice Magic
  4614 | D:5      | Reached skill level 3 in Air Magic
  4614 | D:5      | Reached skill level 3 in Earth Magic
  4614 | D:5      | Reached skill level 3 in Poison Magic
  4614 | D:5      | Reached skill level 4 in Invocations
  4836 | D:5      | Reached skill level 6 in Dodging
  4840 | D:5      | Reached skill level 5 in Transmutations
  4879 | D:5      | Found Cusam's Antique Armour Emporium.
  4911 | D:5      | Reached XP level 9. HP: 26/66 MP: 18/18
  4964 | D:5      | Reached skill level 4 in Short Blades
  4964 | D:5      | Reached skill level 4 in Long Blades
  4964 | D:5      | Reached skill level 4 in Axes
  4964 | D:5      | Reached skill level 4 in Maces & Flails
  4964 | D:5      | Reached skill level 4 in Polearms
  4964 | D:5      | Reached skill level 4 in Staves
  4964 | D:5      | Reached skill level 4 in Ranged Weapons
  4964 | D:5      | Reached skill level 4 in Throwing
  4964 | D:5      | Reached skill level 4 in Armour
  4964 | D:5      | Reached skill level 4 in Stealth
  4964 | D:5      | Reached skill level 4 in Shields
  4964 | D:5      | Reached skill level 4 in Evocations
  5145 | D:5      | Got the Tome of the Sunfish
  5338 | D:5      | Found a basalt altar of Yredelemnul.
  5901 | D:4      | Reached skill level 5 in Fighting
  7043 | D:1      | Bought a scorched iron ring for 155 gold pieces
  7043 | D:1      | Identified the ring "Ireacs" {Fly Dex+2} (You bought it in
                  | a shop on level 1 of the Dungeon)
  7236 | D:6      | Killed stazo's ghost
  7571 | D:7      | Found a staircase to the Ecumenical Temple.
  7627 | D:7      | Reached skill level 8 in Unarmed Combat
  7637 | Temple   | Entered the Ecumenical Temple
  7746 | Temple   | Became a worshipper of Ashenzari the Shackled
  7804 | D:7      | Reached skill level 5 in Invocations
  7978 | D:7      | Identified +0 steam dragon scales
  7978 | D:7      | Noticed Maggie
  8015 | D:7      | Reached skill level 7 in Spellcasting
  8027 | D:7      | HP: 6/99 [Maggie/+2 halberd of flaming (8)]
  8031 | D:7      | Identified 2 potions of resistance
  8034 | D:7      | HP: 8/100 [wight/+2 halberd of freezing (12)]
  8034 | D:7      | HP: 3/97 [wight/+2 halberd of freezing (1)]
  8040 | D:7      | HP: 6/93 [Maggie/+2 halberd of flaming (3)]
  8041 | D:7      | Slain by a wight

Vanquished Creatures
  Prince Ribbit (D:5)
  A steam dragon (D:6)
  2 water moccasins
  2 ice beasts (D:6)
  2 black bears (D:7)
  An ogre (D:7)
  2 phantoms
  2 centaurs
  A bullfrog (D:7)
  2 necrophages (D:5)
  4 scorpions
  8 wights (D:7)
  The ghost of stazo the Chopper, a weakling DsFi (D:6)
  5 howler monkeys
  5 hounds
  An orc priest (D:5)
  Crazy Yiuf (D:6)
  3 iguanas
  4 orc wizards
  5 gnolls (D:6)
  6 adders
  A shadow imp (D:6)
  3 white imps
  A worm (D:3)
  3 dart slugs
  18 orcs
  2 bats
  12 endoplasms
  3 giant cockroaches
  3 goblins
  7 hobgoblins
  2 jackals (D:4)
  6 kobolds
  3 quokkas
  7 ball pythons
  5 frilled lizards
  7 rats
142 creatures vanquished.

Vanquished Creatures (others)
  11 fungi (D:6)
11 creatures vanquished.

Grand Total: 153 creatures vanquished
